 Dungeon Crawl Stone Soup version 0.16.0-18-g484a79e (console) character file.

42 gw the Digger (level 3, 0/28 HPs)
             Began as a Hill Orc Earth Elementalist on Mar 22, 2015.
             Succumbed to an adder's poison
             ... on level 2 of the Dungeon.
             The game lasted 00:01:49 (1917 turns).

gw the Digger (Hill Orc Earth Elementalist)         Turns: 1917, Time: 00:01:49

Health: 0/28       AC:  6    Str: 10    XL:     3   Next: 54%
Magic:  0/6        EV: 11    Int: 16    God:
Gold:   70         SH:  0    Dex: 11    Spells: 3 memorised, 0 levels left

rFire  . . .     SeeInvis .     b - +0 hand axe
rCold  . . .     Clarity  .     f - +0 leather armour
rNeg   . . .     SustAb   .     (no shield)
rPois  .         Gourm    .     m - +0 helmet
rElec  .         Spirit   .     (no cloak)
rCorr  .         Warding  .     (no gloves)
rMut   .         Stasis   .     (no boots)
MR     .....                    (no amulet)
Stlth  +.........               (no ring)
                                (no ring)

@: lethally poisoned (0 -> -8), stone skin, not resistant to hostile
enchantments, very unstealthy
A: no striking features
a: no special abilities


You were on level 2 of the Dungeon.
You were not hungry.

You visited 1 branch of the dungeon, and saw 2 of its levels.

You collected 70 gold pieces.

Inventory:

Hand weapons
 b - a +0 hand axe (weapon)
Missiles
 g - 55 stones (quivered)
 k - 13 poisoned needles
Armour
 f - a +0 leather armour (worn)
 m - a +0 helmet (worn)
Scrolls
 i - a scroll of identify {unknown}
 l - a scroll of immolation {unknown}
 n - a scroll of noise {unknown}
 o - a scroll of enchant armour {unknown}
Potions
 c - a potion of haste {unknown}
 e - a potion of curing {unknown}
Books
 d - a book of Geomancy

   Spells                             Type                      Level
   a - Sandblast                      Earth                        1
   b - Stoneskin                      Transmutation/Earth          2
   c - Passwall                       Transmutation/Earth          3
   d - Stone Arrow                    Conjuration/Earth            3
   e - Petrify                        Transmutation/Earth          4
   f - Lee's Rapid Deconstruction     Earth                        5
Comestibles
 a - 2 meat rations
 h - 3 fruits
 j - a beef jerky


   Skills:
 + Level 1.2 Fighting
 + Level 0.6 Axes
 + Level 1.3 Armour
 - Level 1.5 Dodging
 - Level 1.5 Stealth
 * Level 2.1 Spellcasting
 - Level 0.6 Transmutations
 + Level 3.3 Earth Magic


You couldn't memorise any spells.
You knew the following spells:

 Your Spells              Type           Power        Failure   Level  Hunger
a - Sandblast             Erth           ##....       10%         1    #......
b - Stoneskin             Trmt/Erth      #.......     21%         2    ###....
c - Stone Arrow           Conj/Erth      #.....       43%         3    ###....


Dungeon Overview and Level Annotations

Branches:
Dungeon (2/15)

Altars:
Kikubaaqudgha


Message History

Unknown command.
ATTACK MOVE TO (-1,-1)
You barely miss the gnoll. You hit the adder.
The adder is moderately wounded.
You hit the gnoll.
You kill the gnoll!
Your Armour skill increases to level 1!
You feel sick. The adder bites you. The gnoll barely misses you.
The adder bites you but does no damage. The gnoll hits you but does no damage.
The gnoll closely misses you.
Unknown command.
Unknown command.
Unknown command.
Unknown command.
ATTACK MOVE TO (-1,-1)
You hit the gnoll.
The gnoll is heavily wounded.
You closely miss the adder.
The adder is moderately wounded.
You die...

#.# ##.#.###
........###
#..........
#.......... ........
.g.K. ### ########
##gS# ....##.......
#.)o# #........##..
#...#.# #........##..
#.# #.# ##.......#...
.. #.# #........... .
#.#####...........
...#....##........###
...#..............###
#..##..###...........
#.##).#~#.....#.#...


You could see 2 gnolls, an adder and a kobold.

Table legend:
 A = Turns spent in this place as a percentage of turns spent in the entire game.
 B = Non-inter-level travel turns spent in this place as a percentage of non-inter-level travel turns spent in the entire game.
 C = Inter-level travel turns spent in this place as a percentage of turns spent in this place.
 D = Turns resting spent in this place as a percentage of non-inter-level travel turns spent in this place.
 E = Turns spent auto-exploring this place as a percentage of non-inter-level travel turns spent in this place.
 F = Non-inter-level travel turns spent in this place divided by the number of levels of this place that you've seen.
                   A       B       C       D       E      F
               +-------+-------+-------+-------+-------+----------------------
         Total | 100.0 | 100.0 |   0.4 |   2.6 |   2.6 | 1173.0
       Dungeon | 100.0 | 100.0 |   0.4 |   2.6 |   2.6 | 1173.0
               +-------+-------+-------+-------+-------+----------------------

Table legend:
 A = Kills in this place as a percentage of kills in entire the game.
 B = Kills by you in this place as a percentage of kills by you in the entire game.
 C = Kills by friends in this place as a percentage of kills by friends in the entire game.
 D = Other kills in this place as a percentage of other kills in the entire game.
 E = Experience gained in this place as a percentage of experience gained in the entire game.
 F = Experience gained in this place divided by the number of levels of this place that you have seen.
                   A       B       C       D       E      F
               +-------+-------+-------+-------+-------+----------------------
         Total | 100.0 | 100.0 |  -nan |  -nan | 100.0 |  30.0
       Dungeon | 100.0 | 100.0 |  -nan |  -nan | 100.0 |  30.0
               +-------+-------+-------+-------+-------+----------------------

Vanquished Creatures
  A gnoll (D:2)
  A worm (D:2)
  A giant gecko (D:2)
  An ooze (D:1)
  5 bats
  A giant cockroach (D:1)
  4 goblins (D:1)
  3 hobgoblins (D:1)
  A quokka (D:2)
  2 ball pythons (D:1)
  A giant newt (D:2)
  4 kobolds
  A rat (D:1)
26 creatures vanquished.

Notes
Turn   | Place    | Note
--------------------------------------------------------------
     0 | D:1      | gw, the Hill Orc Earth Elementalist, began the quest for the Orb.
     0 | D:1      | Reached XP level 1. HP: 14/14 MP: 2/2
   301 | D:1      | Reached XP level 2. HP: 22/22 MP: 1/3
   329 | D:1      | Learned a level 2 spell: Stoneskin
  1395 | D:2      | Found an ancient bone altar of Kikubaaqudgha.
  1487 | D:2      | Reached skill level 1 in Fighting
  1681 | D:2      | Reached XP level 3. HP: 25/28 MP: 0/6
  1742 | D:2      | Learned a level 3 spell: Stone Arrow
  1916 | D:2      | Reached skill level 1 in Armour
  1916 | D:2      | HP: 1/28 [adder (3)]
  1917 | D:2      | Succumbed to an adder's poison

Action                   || total
-------------------------++-------
Melee: Club              ||     2
       Hand axe          ||    32
Throw: Stone             ||    57
 Cast: Sandblast         ||    43
       Stoneskin         ||     3
  Use: Potion            ||     3
       Scroll            ||     2
  Eat: Chunk             ||     4

Vault maps used:
D:1:      eino_arrival_water_cross, minmay_strange_pillars, amethyst_killhole,
          hex_tiny
D:2:      lemuel_crystal_altar, lemuel_coloured_pillars_altar, first_bread,
          feat_on_display
